 Dungeon Crawl Stone Soup version 0.31-a0-154-g56bf346678 (webtiles) character file.

Game seed: 16947894991448612190

63 ryw the Trooper (level 3, -4/31 HPs)
             Began as a Demonspawn Monk on June 11, 2023.
             Slain by a gnoll
             ... wielding a +0 halberd
              (5 damage)
             ... on level 2 of the Dungeon.
             The game lasted 00:02:43 (921 turns).

ryw the Trooper (Demonspawn Monk)                    Turns: 921, Time: 00:02:44

Health: -4/31      AC:  2    Str: 10 (13) XL:     3   Next: 89%
Magic:  3/3        EV: 12    Int: 12 (15) God:
Gold:   93         SH:  0    Dex: 13 (15) Spells: 2/2 levels left

rFire   + .          .
                       - Unarmed
rCold   + . .        c - orb {light}
rNeg    . . .        a - +0 robe
rPois   +            (no helmet)
rElec   +            (no cloak)
rCorr   +            (no gloves)
SInv    +            (no boots)
Will    ++...        i - amulet of the acrobat
Stlth   +            (no ring)
HPRegen 0.25/turn    m - ring "Beamma" {Will+ Int+4 SInv}
MPRegen 0.08/turn

%: acrobat
@: mighty, resistant, enlightened, flying, hasted, glowing, very quick
A: powered by death 1, sturdy frame 1
a: no special abilities


You were on level 2 of the Dungeon.
You visited 1 branch of the dungeon, and saw 2 of its levels.

You collected 93 gold pieces.

Inventory:

Armour
 a - a +0 robe (worn)
 c - an orb of light (worn)
Jewellery
 i - an amulet of the acrobat (around neck)
 m - the ring "Beamma" (right hand) {Will+ Int+4 SInv}
   (You found it on level 2 of the Dungeon)

   [ring of see invisible]

   Int:       It affects your intelligence (+4).
   SInv:      It lets you see invisible.
   Will:      It increases your willpower.
Scrolls
 f - 3 scrolls of torment {unknown}
 g - 3 scrolls of fog {unknown}
Potions
 h - a potion of enlightenment


   Skills:
 + Level 4.4 Fighting
 - Level 3.0 Dodging
 - Level 3.0 Unarmed Combat


You had 2 spell levels left.
You didn't know any spells.
Your spell library was empty.

Dungeon Overview and Level Annotations

Branches:
Dungeon (2/15)

Altars:

Shops:
D:1 =


Innate Abilities, Weirdness & Mutations

You regenerate a little health from kills.
Your movements are slightly less encumbered by armour. (ER -2)


Message History

It was a potion of enlightenment.
You feel very buoyant.
You fly up into the air.
You feel sick. The adder bites you.
* * * LOW HITPOINT WARNING * * *
The hobgoblin hits you but does no damage.
It was a potion of might.
You feel very mighty all of a sudden.
* * * LOW HITPOINT WARNING * * *
You feel sick. The adder barely misses you. The hobgoblin closely misses you.
The adder bites you.
* * * LOW HITPOINT WARNING * * *
A dart slug comes into view.
It was a potion of haste.
You feel yourself speed up.
* * * LOW HITPOINT WARNING * * *
You feel sick. The hobgoblin barely misses you. The adder misses you.
It was a potion of curing.
You feel better. The adder barely misses you. The hobgoblin misses you.
You barely miss the adder.
The adder is lightly wounded.
The adder misses you.
You punch the adder!
The adder is severely wounded.
The gnoll hits you from afar with a +0 halberd!
* * * LOW HITPOINT WARNING * * *
The hobgoblin misses you. The adder bites you.
* * * LOW HITPOINT WARNING * * *
You closely miss the adder.
The adder is severely wounded.
The gnoll closely misses you.
The hobgoblin hits you but does no damage.
You hit the adder.
You kill the adder!
The bat closely misses you.
It was a potion of degeneration.
There was something very wrong with that liquid.
You feel weakened.
You feel dopey.
You feel clumsy. The bat hits you.
* * * LOW HITPOINT WARNING * * *
The gnoll hits you from afar with a +0 halberd.
You die...

#########..#....# #####
#.$##.#.# #...#
#..##.#.#
..###...####..##.#.#
........'g.gg.##.#.#
........#####.##.#.####
....[#......g.#.......#
.........###g.#..####.#
...#....gwb@†....# #
#.##..g######.# ...
#...# .... ### ##.##
...## ... ..#.# .... ..
.# ####. .#. .. ##


You could see 2 gnolls, a dart slug, 2 hobgoblins and a bat.

Vanquished Creatures
  3 gnolls
  An adder (D:2)
  2 ball pythons
  An endoplasm (D:1)
  A giant cockroach (D:1)
  2 goblins (D:1)
  2 hobgoblins (D:1)
  2 jackals (D:1)
  4 kobolds (D:1)
  2 quokkas (D:1)
  2 bats (D:1)
  A frilled lizard (D:1)
  5 rats
28 creatures vanquished.

Notes
Turn   | Place    | Note
-------+----------+-------------------------------------------
     0 | D:1      | ryw the Demonspawn Monk began the quest for the Orb.
     0 | D:1      | Reached XP level 1. HP: 18/18 MP: 1/1
   144 | D:1      | Gained mutation: You regenerate a little health from kills.
                  | [demonic ancestry]
   144 | D:1      | Reached XP level 2. HP: 17/24 MP: 2/2
   245 | D:1      | Gained mutation: Your movements are slightly less
                  | encumbered by armour. (ER -2) [demonic ancestry]
   245 | D:1      | Reached XP level 3. HP: 22/30 MP: 3/3
   488 | D:1      | Found a faded altar of an unknown god.
   666 | D:1      | Reached skill level 4 in Fighting
   692 | D:1      | Found Legyst's Jewellery Shop.
   832 | D:2      | Identified the ring "Beamma" {Will+ Int+4 SInv}
   918 | D:2      | HP: 1/30 [adder (1)]
   921 | D:2      | Slain by a gnoll

Illustrated notes

Levels and vault maps discovered:
D:1:      matt_arrival_refuge, layout_basic, shapermc_ecumenical_altar_pompeii,
          serial_shops, nicolae_shop_peninsula
D:2:      layout_basic, serial_shops, nicolae_shop_competitors_out_of_business,
          shop, nicolae_shop_tiny_glass, minmay_fractal_squares_5

Skill      XL: |  1  2  3 |
---------------+----------+-----
Unarmed Combat | 3 |  3.0
Dodging        | 3 |  3.0
Fighting       | 4 |  4.4

Action                     || total
---------------------------++-------
  Melee: Unarmed           ||    93
    Use: Potion            ||     7
 Armour: Robe              ||    15
  Dodge: Dodged            ||    73

Table legend: (Time is in decaauts)
 A = Elapsed time spent in this place.
 B = Non-inter-level travel time spent in this place.
 C = Inter-level travel time spent in this place.
 D = Time resting spent in this place.
 E = Time spent auto-exploring this place.
 F = Levels seen in this place.
 G = Mean time per level.
                   A        B        C        D        E       F      G
               +--------+--------+--------+--------+--------+-----+--------+
         Total |    912 |    911 |      1 |      0 |    721 |   2 |  456.0 |
       Dungeon |    912 |    911 |      1 |      0 |    721 |   2 |  456.0 |
               +--------+--------+--------+--------+--------+-----+--------+

Top non-repeatable levels by time:
     D:1: 806 daAuts
     D:2: 106 daAuts
